 Dungeon Crawl Stone Soup version 0.28.0 (webtiles) character file.

Game seed: 7058255111905449232

6575 Host24 the Quickloader (level 11, -4/67 HPs)
             Began as a Kobold Hunter on Feb 20, 2022.
             Was a High Priest of Okawaru.
             Slain by a two-headed ogre (8 damage)
             ... on level 10 of the Dungeon.
             The game lasted 00:45:10 (14359 turns).

Host24 the Quickloader (Kobold Hunter)             Turns: 14359, Time: 00:45:10

Health: -4/67      AC: 12    Str: 13    XL:     11   Next: 21%
Magic:  17/17      EV: 20    Int: 14    God:    Okawaru [*****.]
Gold:   444        SH:  0    Dex: 15    Spells: 16/18 levels left

rFire   + . .      SeeInvis .   a - +1 hand crossbow
rCold   + . .      Faith    +   (no shield)
rNeg    . . .      Spirit   .   c - +0 leather armour
rPois   .          Reflect  .   n - +0 helmet
rElec   .          Harm     .   A - scarf {rC+ rF+}
rCorr   +          Rampage  .   m - +2 pair of gloves
Will    .....                   (no boots)
Stlth   ++++......              e - amulet of faith
HPRegen 0.21/turn               R - +4 ring of protection
MPRegen 0.15/turn               h - ring of resist corrosion

@: heroic
A: small, no large weapons, nightstalker 3
a: Renounce Religion, Heroism, Finesse, Duel


You were on level 10 of the Dungeon.
You worshipped Okawaru.
Okawaru was extremely pleased with you.
You visited 1 branch of the dungeon, and saw 10 of its levels.

You collected 474 gold pieces.
You spent 30 gold pieces at shops.

Inventory:

Hand Weapons
 a - a +1 hand crossbow (weapon)
 b - a +0 dagger of venom
 v - a +2 whip of electrocution
Missiles
 d - 108 bolts (quivered ammo)
 i - 323 stones
 o - 4 poisoned darts
 p - 4 javelins
 u - a throwing net
 D - 155 arrows
 F - 50 sling bullets
 O - 3 large rocks
 V - 3 boomerangs of dispersal
Armour
 c - a +0 leather armour (worn)
 m - a +2 pair of gloves (worn)
 n - a +0 helmet (worn)
 A - a scarf of resistance (worn)
 E - a +0 plate armour
Jewellery
 e - an amulet of faith (around neck)
 h - a ring of resist corrosion (right hand)
 q - a ring of positive energy
 K - a ring of willpower
 R - a +4 ring of protection (left hand)
 X - an amulet of magic regeneration
Wands
 r - a wand of charming (4)
 y - a wand of iceblast (8)
 I - a wand of paralysis (10)
 J - a wand of flame (25)
 L - a wand of acid (9)
 N - a wand of mindburst (20)
Scrolls
 j - 2 scrolls of teleportation
 l - 2 scrolls of vulnerability {unknown}
 s - 3 scrolls of brand weapon {unknown}
 x - a scroll of fog
 B - 2 scrolls of enchant armour {unknown}
 C - a scroll of fear
 H - a scroll of enchant weapon
 M - a scroll of blinking
 T - a scroll of summoning {unknown}
 U - a scroll of silence {unknown}
Potions
 f - a potion of magic {unknown}
 g - a potion of berserk rage {unknown}
 k - 3 potions of lignification {unknown}
 t - 3 potions of degeneration {unknown}
 w - a potion of invisibility
 z - a potion of flight {unknown}
 G - 2 potions of might {unknown}
 P - a potion of heal wounds
 Q - 2 potions of curing {unknown}
 S - a potion of brilliance {unknown}
 W - a potion of mutation {unknown}


   Skills:
 - Level 7.2(12.2) Fighting
 + Level 13.4(18.4) Crossbows
 - Level 7.0(12.0) Dodging
 - Level 1.3(6.3) Stealth
 - Level 4.0 Spellcasting
 - Level 4.4 Transmutations
 - Level 7.3 Invocations


You had 16 spell levels left.
You knew the following spells:

 Your Spells              Type           Power      Damage    Failure   Level
a - Wereblood             Tmut           15%        N/A       6%          2

Your spell library contained the following spells:

 Spells                   Type           Power      Damage    Failure   Level
 Beastly Appendage        Tmut           30%        N/A       3%          1
 Spider Form              Tmut/Pois      9%         N/A       28%         3
 Dazzling Flash           Conj/Hex       4%         N/A       56%         3
 Agony                    Necr           2%         N/A       100%        5
 Silence                  Hex/Air        1%         N/A       100%        5


Dungeon Overview and Level Annotations

Branches:
Dungeon (10/15)            Temple (0/1) D:4
   Lair: D:8-11         Orc: D:9-12

Altars:
Gozag
Hepliaklqana
Kikubaaqudgha
Makhleb
Nemelex Xobeh
Okawaru
Qazlal
Zin

Shops:
D:5 *[   D:7 *   D:9 *

Annotations:
D:5 1 runed translucent door, Crazy Yiuf
D:7 3 runed translucent doors


Innate Abilities, Weirdness & Mutations

You are small and have problems with some larger weapons.
You are completely attuned to the shadows.


Message History

The two-headed ogre hits you with a +0 giant club!
Fire: 113 bolts
Press: ? - help, Q - select action, (/) - cycle Shift-Dir - straight line, f/p - two-headed ogre
Aim: a two-headed ogre, wielding a +0 giant spiked club and a +0 giant club (severely wounded, 84% to hit)
You shoot a bolt. The bolt hits the two-headed ogre!
The two-headed ogre is almost dead.
A centaur comes into view.
The two-headed ogre hits you with a +0 giant spiked club!!
* * * LOW HITPOINT WARNING * * *
The two-headed ogre completely misses you.
Fire: 112 bolts
Press: ? - help, Q - select action, (/) - cycle Shift-Dir - straight line, f/p - two-headed ogre
Aim: a two-headed ogre, wielding a +0 giant spiked club and a +0 giant club (almost dead, 84% to hit)
You shoot a bolt.
The bolt hits the two-headed ogre but does no damage.
The two-headed ogre is almost dead.
Fire: 111 bolts
Press: ? - help, Q - select action, (/) - cycle Shift-Dir - straight line, f/p - two-headed ogre
Aim: a two-headed ogre, wielding a +0 giant spiked club and a +0 giant club (almost dead, 84% to hit)
You shoot a bolt.
The bolt hits the two-headed ogre but does no damage.
The two-headed ogre is almost dead.
The two-headed ogre closely misses you. The two-headed ogre misses you.
Fire: 110 bolts
Press: ? - help, Q - select action, (/) - cycle Shift-Dir - straight line, f/p - two-headed ogre
Aim: a two-headed ogre, wielding a +0 giant spiked club and a +0 giant club (almost dead, 84% to hit)
You shoot a bolt.
The bolt barely misses the two-headed ogre.
The two-headed ogre hits you with a +0 giant spiked club.
* * * LOW HITPOINT WARNING * * *
The two-headed ogre misses you.
Fire: 109 bolts
Press: ? - help, Q - select action, (/) - cycle Shift-Dir - straight line, f/p - two-headed ogre
Aim: a two-headed ogre, wielding a +0 giant spiked club and a +0 giant club (almost dead, 84% to hit)
You shoot a bolt. The bolt hits the two-headed ogre.
The two-headed ogre is almost dead.
The two-headed ogre hits you with a +0 giant spiked club.
* * * LOW HITPOINT WARNING * * *
The two-headed ogre hits you with a +0 giant club!
You die...

#.## #.## #.## #.##
.....(( #... #.#.#.#
#... #...#c# #<##
#.#.#O# #.## #...@.#
#.## ###.### #.##
##.## #.##
#...######### #...
#.#.........# ####
#...#..####.########
#####..####.#.......
#..#......######
#....##.###


You could see a two-headed ogre and a centaur.

Vanquished Creatures
  A hydra (D:8)
  A cyclops (D:8)
  A troll (D:7)
  Prince Ribbit (D:9)
  A wyvern (D:8)
  6 humans (D:7)
  Edmund (D:4)
  A steam dragon (D:9)
  A water moccasin (D:4)
  An acid dragon (D:10)
  4 orc warriors
  2 ice beasts
  A hornet zombie (D:6)
  2 black bears
  A necrophage (D:5)
  2 ogres
  2 sky beasts
  2 centaurs
  3 phantoms
  A kobold brigand (D:9)
  2 bullfrogs (D:7)
  3 scorpions
  A wyvern zombie (D:7)
  A wyvern skeleton (D:4)
  7 wights
  3 electric eels (D:9)
  2 bullfrog zombies (D:6)
  A centaur zombie (D:9)
  A crimson imp (D:8)
  A lava snake (D:7)
  4 jellies
  2 hounds
  4 orc priests
  2 centaur skeletons (D:7)
  A scorpion zombie (D:3)
  4 iguanas
  13 orc wizards
  A howler monkey zombie (D:6)
  Robin (D:2)
  10 gnolls
  9 adders
  2 ufetubi (D:4)
  3 worms
  2 dart slugs
  29 orcs
  5 bats
  9 endoplasms
  A giant cockroach (D:2)
  14 goblins
  14 hobgoblins
  7 jackals
  5 quokkas
  9 ball pythons
  4 frilled lizards
  10 kobolds
  2 rats (D:2)
224 creatures vanquished.

Vanquished Creatures (others)
  40 plants (D:9)
40 creatures vanquished.

Grand Total: 264 creatures vanquished

Notes
Turn   | Place    | Note
-------+----------+-------------------------------------------
     0 | D:1      | Host24 the Kobold Hunter began the quest for the Orb.
     0 | D:1      | Reached XP level 1. HP: 12/12 MP: 1/1
    40 | D:1      | Reached skill level 5 in Crossbows
   175 | D:1      | Reached XP level 2. HP: 13/18 MP: 2/2
   535 | D:1      | Found a faded altar of an unknown god.
   627 | D:1      | Reached XP level 3. HP: 6/23 MP: 3/3
  1828 | D:2      | Noticed Robin
  1847 | D:2      | Reached XP level 4. HP: 27/28 MP: 4/4
  1851 | D:2      | Killed Robin
  1852 | D:2      | Reached skill level 6 in Crossbows
  2576 | D:2      | Reached XP level 5. HP: 32/32 MP: 5/5
  2636 | D:2      | Reached skill level 7 in Crossbows
  3614 | D:3      | Reached XP level 6. HP: 37/37 MP: 6/6
  3706 | D:3      | Found an iron altar of Okawaru.
  3713 | D:3      | Became a worshipper of Warmaster Okawaru
  4232 | D:4      | Found a staircase to the Ecumenical Temple.
  4339 | D:4      | Reached skill level 8 in Crossbows
  4401 | D:4      | Reached skill level 1 in Invocations
  4605 | D:4      | Noticed an ogre
  4624 | D:4      | Killed an ogre
  4625 | D:4      | Reached XP level 7. HP: 30/41 MP: 7/9
  4905 | D:4      | Noticed Edmund
  5079 | D:4      | Noticed a water moccasin
  5095 | D:4      | Killed a water moccasin
  5095 | D:4      | Reached * piety under Okawaru
  5100 | D:4      | HP: 2/41 [poisoned by a water moccasin]
  5592 | D:4      | Reached skill level 5 in Invocations
  5741 | D:4      | Found a stormy altar of Qazlal.
  5825 | D:4      | Reached XP level 8. HP: 27/46 MP: 11/11
  6148 | D:4      | Killed Edmund
  6149 | D:4      | Reached skill level 9 in Crossbows
  6497 | D:5      | Entered Level 5 of the Dungeon
  6537 | D:5      | Reached ** piety under Okawaru
  6538 | D:5      | Reached skill level 10 in Crossbows
  6593 | D:5      | Found a sparkling altar of Nemelex Xobeh.
  6732 | D:5      | Found Etuaneuj's Antique Armour Shoppe.
  7090 | D:5      | Found a runed translucent door.
  7093 | D:5      | Noticed Crazy Yiuf
  7425 | D:5      | Reached skill level 5 in Fighting
  7636 | D:5      | Found Fais's Mass Market.
  7995 | D:6      | Reached XP level 9. HP: 38/55 MP: 12/12
  8559 | D:6      | Reached skill level 5 in Dodging
  8695 | D:6      | Reached *** piety under Okawaru
  8895 | D:6      | Received a gift from Okawaru
  9373 | D:6      | Learned a level 2 spell: Wereblood
  9557 | D:7      | Reached skill level 1 in Spellcasting
  9557 | D:7      | Reached skill level 1 in Transmutations
  9614 | D:7      | Noticed a troll
  9763 | D:6      | HP: 2/55 [orc warrior (14)]
 10100 | D:7      | Found a runed translucent gate.
 10147 | D:7      | Reached **** piety under Okawaru
 10308 | D:7      | Received a gift from Okawaru
 10309 | D:7      | Reached skill level 11 in Crossbows
 10309 | D:7      | Reached XP level 10. HP: 48/60 MP: 14/14
 10331 | D:7      | Found a runed translucent gate.
 10332 | D:7      | Found a runed translucent gate.
 10770 | D:7      | Reached skill level 12 in Crossbows
 10809 | D:7      | Found an ancient bone altar of Kikubaaqudgha.
 10855 | D:7      | Received a gift from Okawaru
 11050 | D:7      | Reached skill level 13 in Crossbows
 11220 | D:7      | Found Genam's General Store.
 11332 | D:7      | Bought a scroll of identify for 30 gold pieces
 11555 | D:8      | Found a hazy altar of Hepliaklqana.
 11591 | D:8      | Found an opulent altar of Gozag.
 11680 | D:8      | Noticed an eight-headed hydra
 11688 | D:8      | Killed an eight-headed hydra
 11689 | D:8      | Noticed a cyclops
 11699 | D:8      | Killed a cyclops
 11699 | D:8      | Reached ***** piety under Okawaru
 12613 | D:8      | Found a burning altar of Makhleb.
 12708 | D:8      | Found a glowing silver altar of Zin.
 13066 | D:9      | Reached XP level 11. HP: 36/64 MP: 14/17
 13276 | D:9      | Received a gift from Okawaru
 13495 | D:9      | Noticed Prince Ribbit
 13509 | D:9      | Killed Prince Ribbit
 13774 | D:9      | Received a gift from Okawaru
 14141 | D:9      | Found Pederej's Demolitions Depot.
 14241 | D:10     | Entered Level 10 of the Dungeon
 14343 | D:10     | Noticed a two-headed ogre
 14359 | D:10     | Slain by a two-headed ogre

Illustrated notes

Levels and vault maps discovered:
D:1:      dpeg_arrival_ternary, layout_basic,
          chequers_ecumenical_altar_simple_redux, minmay_tetromino_o4
D:2:      layout_basic, minmay_diced_spiral, uniq_robin
D:3:      layout_basic, lemuel_crystal_altar
D:4:      layout_basic, nicolae_qazlal_eye_of_the_storm,
          minmay_temple_entry_grid, minmay_crystal_room, uniq_edmund
D:5:      layout_basic, nemelex_xobeh_ov_fountains_minmay, serial_shops,
          nicolae_shop_hallway_plus, minmay_shop_mass, minivault_23,
          uniq_crazy_yiuf_cottage
D:6:      layout_loops_ring
D:7:      layout_rooms, mainiacjoe_overflow_alcove_2, serial_shops,
          nicolae_inconvenience_store, gammafunk_ghost_cemetery,
          chequers_serial_rivers_micro_b, hangedman_decor_push,
          chequers_hall_statues_wall_a, minmay_ruffians
D:8:      kennysheep_big_flooded_room, layout_rooms, makhleb_grotto_becter,
          lemuel_tele_altar, mainiacjoe_overflow_catch_the_wave
D:9:      minmay_flawed_box, layout_irregular_city, hex_large,
          serial_bayou_lagoon_a, nicolae_blasting_shop, uniq_prince_ribbit1
D:10:     layout_loops_cross, serial_shops, nicolae_shop_behind_doors,
          nicolae_shop_waterfront, shop, kennysheep_mini,
          onia_ninara_dug_in_and_dangerous

Skill      XL: |  1  2  3  4  5  6  7  8  9 10 11 |
---------------+----------------------------------+-----
Crossbows      | 5 6 7 8 10 11 13 | 13.4
Fighting       | 3 6 7 |  7.2
Dodging        | 3 6 7 |  7.0
Invocations    | 3 5 6 7 |  7.3
Spellcasting   | 2 4 |  4.0
Transmutations | 2 4 |  4.4
Stealth        | |  1.3

Action                   |  1- 3 |  4- 6 |  7- 9 | 10-12 || total
-------------------------+-------+-------+-------+-------++-------
Melee: Short sword       |   123 |    88 |     9 |       ||   220
       Punch             |     2 |     1 |     4 |       ||     7
       Dagger            |       |    80 |    55 |    15 ||   150
       Whip              |       |     4 |   174 |    34 ||   212
       Hand crossbow     |       |       |       |     2 ||     2
 Fire: Hand crossbow     |     3 |    34 |   129 |   274 ||   440
Throw: Dart              |       |       |       |     4 ||     4
       Stone             |       |       |       |     1 ||     1
 Cast: Wereblood         |       |       |       |     1 ||     1
Invok: Heroism           |       |       |     4 |     6 ||    10
       Finesse           |       |       |       |     2 ||     2
Evoke: Wand              |       |       |     6 |       ||     6
  Use: Potion            |       |       |     2 |       ||     2
       Scroll            |       |       |     1 |     6 ||     7
 Stab: Sleeping          |    10 |    16 |    10 |       ||    36
       Paralysed         |       |       |     5 |       ||     5
Armor: Leather armour    |    27 |    35 |    77 |    61 ||   200
Dodge: Dodged            |    77 |   104 |   241 |   171 ||   593
